 Dungeon Crawl Stone Soup version 0.29.1-1-gd02db6906a (webtiles) character file.

Game seed: 11938786357241261194

828 Icepheonix32 the Zephyrmancer (level 7, -11/37 HPs)
             Began as a Tengu Air Elementalist on Oct 5, 2022.
             Was an Initiate of Qazlal.
             Mangled by Menkaure (23 damage)
             ... on level 5 of the Dungeon.
             The game lasted 00:09:17 (5560 turns).

Icepheonix32 the Zephyrmancer (TeAE)                Turns: 5560, Time: 00:09:17

Health: -11/37     AC:  4    Str:  8    XL:     7   Next: 97%
Magic:  13/13      EV: 15    Int: 17    God:    Qazlal [......]
Gold:   209        SH:  0    Dex: 15    Spells: 3/13 levels left

rFire   . . .      SeeInvis .   j - +7 Throatcutter {drain, coup de grace}
rCold   + . .      Faith    .   (no shield)
rNeg    . . .      Spirit   .   a - +1 robe
rPois   .          Reflect  .   (helmet restricted)
rElec   .          Harm     .   w - +0 cloak
rCorr   .          Rampage  .   (no gloves)
Will    .....                   (boots unavailable)
Stlth   ++........              r - amulet of the acrobat
HPRegen 0.12/turn               k - ring of protection from cold
MPRegen 0.13/turn               (no ring)

@: flying quickly and evasively, quick
A: beak, talons 3, nimble flight
a: Renounce Religion


You were on level 5 of the Dungeon.
You worshipped Qazlal.
Qazlal was noncommittal.
You visited 2 branches of the dungeon, and saw 6 of its levels.

You collected 209 gold pieces.

Inventory:

Hand Weapons
 d - a +0 vampiric short sword
 j - the +7 Throatcutter (weapon) {drain, coup de grace}
   (You took it off Terence on level 3 of the Dungeon)

   A truly terrible weapon, it drains the life of any living foe it strikes.
   It may instantly kill foes which have little health.
Missiles
 n - 5 silver javelins
Armour
 a - a +1 robe (worn)
 m - a +4 chain mail of cold resistance
 w - a +0 cloak (worn)
Jewellery
 k - a ring of protection from cold (left hand)
 r - an amulet of the acrobat (around neck)
Wands
 c - a wand of quicksilver (15)
 h - a wand of digging (4)
Scrolls
 f - a scroll of identify
 g - a scroll of immolation
 p - 2 scrolls of blinking
 v - a scroll of butterflies {unknown}
 x - a scroll of teleportation
Potions
 b - a potion of magic
 e - a potion of attraction {unknown}
 i - 2 potions of curing
 l - 2 potions of brilliance {unknown}
 o - a potion of flight {unknown}
 q - a potion of mutation {unknown}
 s - a potion of degeneration {unknown}
 t - a potion of cancellation {unknown}
 u - a potion of lignification {unknown}


   Skills:
 + Level 0.9 Fighting
 - Level 0.1(0.9) Short Blades
 * Level 1.5 Long Blades
 * Level 3.2 Dodging
 - Level 2.0 Stealth
 + Level 3.7 Spellcasting
 * Level 5.6 Conjurations
 * Level 8.5 Air Magic


You had 3 spell levels left.
You knew the following spells:

 Your Spells              Type           Power      Damage    Failure   Level
a - Shock                 Conj/Air       100%       1d9       1%          1
b - Static Discharge      Conj/Air       27%        3-7/arc   1%          2
c - Swiftness             Air            32%        N/A       1%          3
d - Airstrike             Air            16%        2d(3-19)  4%          4

Your spell library contained the following spells:

 Spells                   Type           Power      Damage    Failure   Level
 Conjure Ball Lightning   Conj/Air       13%        3x3d6     80%         6
 Discord                  Hex            1%         N/A       100%        8
 Disjunction              Tloc           1%         N/A       100%        8


Dungeon Overview and Level Annotations

Branches:
Dungeon (5/15)             Temple (1/1) D:4

Altars:
Elyvilon
Fedhas
Gozag
Hepliaklqana
Kikubaaqudgha
Nemelex Xobeh
Qazlal
Ru
Sif Muna
Uskayaw
Vehumet
Wu Jian
Yredelemnul
Zin

Shops:
D:4 [

Annotations:
D:5 Menkaure


Innate Abilities, Weirdness & Mutations

You have a beak for a mouth.
You have claws for feet.
Your magical nature lets you fly swiftly and evasively.


Message History

There is a staircase back to the Dungeon here.
You fly upwards.
Welcome back to the Dungeon!
There is a staircase to the Ecumenical Temple here.
Done exploring.
Done exploring.
Done exploring.
Done exploring.
Done exploring.
Done exploring.
(D) Dungeon (T) Temple
Where to? (Enter - D:4, ? - help)
You see here a +0 club.
Items here: )) [ รท.
There is a stone staircase leading down here.
You fly downwards.
Found a stone staircase leading down.
There is a stone staircase leading up here.
Menkaure is nearby!
Menkaure casts a spell at you. Pain shoots through your body!
You hit Menkaure. Your peck misses Menkaure.
Menkaure is lightly damaged.
Menkaure gestures at you while chanting.
Pain shoots through your body!
You slash Menkaure! Your kick misses Menkaure.
You peck Menkaure, but do no damage.
Menkaure is severely damaged.
Menkaure calls on the powers of darkness!
Your body is wracked with pain!
* * * LOW HITPOINT WARNING * * *
You are too injured to fight recklessly!
Menkaure completely misses you.
You barely miss Menkaure.
Menkaure is severely damaged.
Menkaure completely misses you.
You hit Menkaure. You peck Menkaure, but do no damage.
Menkaure is almost destroyed.
Menkaure hits you!!
Ouch! That really hurt!
You die...

.......##
##........
####.........
###.. .......#
#....##......#
#.....<...#
####.....###
#.#.......##
......M@..#
..............#
.....##....#..#
..##. ##...# ..
. . ###... # #
...# ...# ..#


You could see Menkaure.

Vanquished Creatures
  Grinder (D:3)
  4 wights (D:4)
  3 orc priests
  Ijyb (D:3)
  Natasha (thrice) (D:2)
  Terence (D:3)
  2 orc wizards
  6 adders
  3 worms
  4 dart slugs
  8 orcs
  7 ball pythons
  8 endoplasms
  8 giant cockroaches
  5 hobgoblins
  5 jackals (D:1)
  2 quokkas
  2 bats
  8 frilled lizards
  8 goblins
  6 kobolds
  4 rats
99 creatures vanquished.

Vanquished Creatures (others)
  A goblin (D:4)
  A hobgoblin (D:4)
2 creatures vanquished.

Grand Total: 101 creatures vanquished

Notes
Turn   | Place    | Note
-------+----------+-------------------------------------------
     0 | D:1      | Icepheonix32 the Tengu Air Elementalist began the quest for
                  | the Orb.
     0 | D:1      | Reached XP level 1. HP: 10/10 MP: 4/4
   286 | D:1      | Reached XP level 2. HP: 15/15 MP: 0/6
   884 | D:1      | Reached XP level 3. HP: 19/19 MP: 4/7
   935 | D:1      | Reached skill level 5 in Air Magic
   989 | D:1      | Learned a level 2 spell: Static Discharge
   993 | D:1      | Learned a level 3 spell: Swiftness
  1922 | D:2      | Found a basalt altar of Yredelemnul.
  2108 | D:2      | Reached XP level 4. HP: 24/24 MP: 1/8
  2703 | D:2      | Noticed Natasha
  2771 | D:2      | Killed Natasha
  2772 | D:2      | Gained mutation: Your magical nature lets you fly swiftly
                  | and evasively. [Tengu growth]
  2772 | D:2      | Reached XP level 5. HP: 28/28 MP: 6/10
  2865 | D:2      | Noticed Natasha
  2870 | D:2      | Killed Natasha
  3012 | D:2      | Noticed Natasha
  3022 | D:2      | Killed Natasha
  3023 | D:2      | Reached skill level 6 in Air Magic
  3214 | D:3      | Reached skill level 7 in Air Magic
  3214 | D:3      | Reached XP level 6. HP: 26/33 MP: 1/11
  3302 | D:3      | Noticed Ijyb
  3319 | D:3      | Killed Ijyb
  3420 | D:3      | Noticed Terence
  3428 | D:3      | Killed Terence
  3757 | D:3      | Learned a level 4 spell: Airstrike
  3795 | D:3      | Noticed Grinder
  3802 | D:3      | Killed Grinder
  3803 | D:3      | Reached skill level 8 in Air Magic
  3803 | D:3      | Reached XP level 7. HP: 37/37 MP: 2/13
  4382 | D:4      | Reached skill level 1 in Long Blades
  4393 | D:4      | Reached skill level 5 in Conjurations
  4674 | D:4      | Found a glowing silver altar of Zin.
  4911 | D:4      | Found a staircase to the Ecumenical Temple.
  4977 | D:4      | Found Jioluum's Armour Shoppe.
  5173 | Temple   | Entered the Ecumenical Temple
  5454 | Temple   | Became a worshipper of Qazlal Stormbringer
  5553 | D:5      | Entered Level 5 of the Dungeon
  5553 | D:5      | Noticed Menkaure
  5560 | D:5      | Mangled by Menkaure

Illustrated notes

Levels and vault maps discovered:
D:1:      tarquinn_simple_flora_water_f, layout_basic, minmay_crystal_water,
          minivault_24
D:2:      layout_basic, basic_altar, kennysheep_cross_bottleneck, uniq_natasha
D:3:      layout_loops_cross, uniq_terence, uniq_ijyb, uniq_grinder
D:4:      layout_basic, mainiacjoe_overflow_tiny_flanked,
          lemuel_temple_firewalk_b, serial_shops, nicolae_stop_n_shop_2
D:5:      cheibrodos_fzero, layout_cave_pools,
          mainiacjoe_overflow_surrounded_room, trog_butcher_becter,
          uniq_menkaure
Temple:   oiseaux_autumnal_temple

Skill      XL: |  1  2  3  4  5  6  7 |
---------------+----------------------+-----
Air Magic      | 5 7 8 |  8.5
Conjurations   | 2 3 4 5 |  5.6
Spellcasting   | 3 |  3.7
Long Blades    | 1 |  1.5
Dodging        | 3 |  3.2
Fighting       | |  0.9
Short Blades   | |  0.1
Stealth        | |  2.0

Action                   |  1- 3 |  4- 6 |  7- 9 || total
-------------------------+-------+-------+-------++-------
Melee: Unarmed           |     2 |       |       ||     2
       Kick              |     4 |     7 |     1 ||    12
       Short sword       |    23 |    16 |       ||    39
       Peck              |     1 |     5 |     3 ||     9
       Long sword        |       |     2 |    11 ||    13
 Cast: Shock             |    72 |    88 |    43 ||   203
       Static Discharge  |     1 |     1 |       ||     2
       Airstrike         |       |     1 |       ||     1
  Use: Potion            |     1 |     2 |       ||     3
       Scroll            |       |     8 |       ||     8
 Stab: Sleeping          |       |       |     1 ||     1
Armor: Robe              |    13 |       |       ||    13
Dodge: Dodged            |    37 |    15 |    10 ||    62
